 Dungeon Crawl Stone Soup version 0.29-a0-542-g075992c915 (webtiles) character file.

Game seed: 1723492601829165369

16 porpoise the Sneak (level 2, 0/24 HPs)
             Began as a Demonspawn Delver on June 5, 2022.
             Succumbed to an adder's poison
             ... on level 2 of the Dungeon.
             The game lasted 00:03:25 (476 turns).

porpoise the Sneak (Demonspawn Delver)               Turns: 476, Time: 00:03:25

Health: 0/24       AC:  3    Str: 12    XL:     2   Next: 41%
Magic:  2/2        EV: 11    Int: 11    God:
Gold:   24         SH:  0    Dex: 14    Spells: 1/1 levels left

rFire   . . .      SeeInvis .   a - +0 spear
rCold   . . .      Faith    .   (no shield)
rNeg    . . .      Spirit   .   b - +0 leather armour
rPois   .          Reflect  .   (no helmet)
rElec   .          Harm     .   (no cloak)
rCorr   .          Rampage  .   (no gloves)
Will    .....                   (no boots)
Stlth   +++.......              (no amulet)
HPRegen 0.08/turn               (no ring)
MPRegen 0.08/turn               (no ring)

@: lethally poisoned (0 -> -5), hasted, very quick
A: hooves 1
a: no special abilities


You were on level 2 of the Dungeon.
You visited 1 branch of the dungeon, and saw 5 of its levels.

You collected 24 gold pieces.

Inventory:

Hand Weapons
 a - a +0 spear (weapon)
Armour
 b - a +0 leather armour (worn)
Wands
 g - a wand of digging (3)
Scrolls
 c - a scroll of fog
 d - a scroll of magic mapping
 e - 2 scrolls of fear
 h - a scroll of identify {unknown}
 i - a scroll of immolation {unknown}
 j - a scroll of teleportation {unknown}


   Skills:
 + Level 3.4 Fighting
 - Level 2.0 Polearms
 - Level 1.7 Dodging
 + Level 4.8 Stealth


You had one spell level left.
You didn't know any spells.
Your spell library was empty.

Dungeon Overview and Level Annotations

Branches:
Dungeon (5/15)
 Temple: D:4-7

Altars:

Annotations:
D:5 Prince Ribbit


Innate Abilities, Weirdness & Mutations

You have large cloven feet.


Message History

The adder is moderately wounded.
You feel sick. The adder misses you.
You barely miss the adder.
The adder is lightly wounded.
You feel sick. The adder barely misses you.
The orc wizard casts a spell at you.
You are confused.
The adder barely misses you.
You bump into the stone wall.
You feel sick. The adder bites you.
You bump into the metal wall.
You feel sick. The adder closely misses you.
You bump into the metal wall.
You feel sick.
You are no longer poisoned.
The adder barely misses you.
The orc wizard hits you but does no damage.
The adder barely misses you.
You feel yourself speed up.
The orc wizard hits you with a +0 dagger.
The adder bites you.
You're too confused to move!
The orc wizard barely misses you. The adder bites you.
* * * LOW HITPOINT WARNING * * *
You miss the orc wizard.
An orc comes into view. It is wielding a +0 short sword.
You see here 22 stones.
You closely miss the adder.
The adder is lightly wounded.
You feel less confused. The adder bites you.
* * * LOW HITPOINT WARNING * * *
You are lethally poisoned!
The adder poisons you!
The orc wizard hits you but does no damage.
You hit the adder. You kick the adder.
The adder is heavily wounded.
* * * LOW HITPOINT WARNING * * *
You feel sick. The adder bites you.
* * * LOW HITPOINT WARNING * * *
You miss the adder.
The adder is heavily wounded.
You die...

#.####..#####..#.
#####.............#..
##.............###.##.
##..#####.........#.##.
..#.###.#......#.#.##.
#.#.#.#.#....#.<>....
#.#[#.##.....†......
#(#S###..###...###.
#.#@#.##..# ##.## #.
.#.#o#.#..# #.####. #.#
#.#..># #....#† ..#
#..#.# ####.#. ##. ...
# #.#. # .#o. #>. ###
#.## #. #.


You could see an orc wizard, an adder and an orc.

Vanquished Creatures
  An adder (D:1)
  A ball python (D:2)
  2 giant cockroaches
  A goblin (D:4)
  A hobgoblin (D:2)
  A bat (D:2)
7 creatures vanquished.

Notes
Turn   | Place    | Note
-------+----------+-------------------------------------------
     0 | D:5      | porpoise the Demonspawn Delver began the quest for the Orb.
     0 | D:5      | Reached XP level 1. HP: 18/18 MP: 1/1
    54 | D:5      | Noticed an orc wizard
    54 | D:5      | Noticed an iguana
    54 | D:5      | Noticed Prince Ribbit
    90 | D:5      | Noticed an iguana
    95 | D:4      | Noticed a scorpion
   283 | D:1      | Gained mutation: You have large cloven feet. [demonic
                  | ancestry]
   283 | D:1      | Reached XP level 2. HP: 21/24 MP: 2/2
   475 | D:2      | HP: 1/24 [adder (2)]
   476 | D:2      | Succumbed to an adder's poison

Illustrated notes

Levels and vault maps discovered:
D:1:      dpeg_arrival_castle, layout_loops_cross,
          shapermc_ecumenical_altar_starsandcircs
D:2:      minmay_evil_eye, layout_loops_ring, basic_altar, dk_noncrumbling_2,
          moated_statue, grunt_decor_arrowhead, corexii_leaking_fountain,
          grunt_decor_mini_mirrors, chequers_jeans, minmay_circle_x,
          uniq_sigmund
D:3:      layout_basic, corexii_hall_statues_deadend
D:4:      layout_basic, gammafunk_ghost_arena, nicolae_shop_fire_sale
          [nicolae_sub_dead_trees], uniq_eustachio
D:5:      layout_basic, kennysheep_small_square, uniq_prince_ribbit1

Skill      XL: |  1 |
---------------+----+-----
Polearms       | 2 |  2.0
Fighting       | |  3.4
Dodging        | |  1.7
Stealth        | |  4.8

Action                   || total
-------------------------++-------
Melee: Spear             ||    49
       Kick              ||     4
  Use: Potion            ||     1
Armor: Leather armour    ||    21
Dodge: Dodged            ||    28

Table legend: (Time is in decaauts)
 A = Elapsed time spent in this place.
 B = Non-inter-level travel time spent in this place.
 C = Inter-level travel time spent in this place.
 D = Time resting spent in this place.
 E = Time spent auto-exploring this place.
 F = Levels seen in this place.
 G = Mean time per level.
                   A        B        C        D        E       F      G
               +--------+--------+--------+--------+--------+-----+--------+
         Total |    473 |    473 |      0 |    192 |     46 |   5 |   94.6 |
       Dungeon |    473 |    473 |      0 |    192 |     46 |   5 |   94.6 |
               +--------+--------+--------+--------+--------+-----+--------+

Top non-repeatable levels by time:
     D:1: 149 daAuts
     D:4: 122 daAuts
     D:5: 95 daAuts
     D:2: 84 daAuts
     D:3: 21 daAuts
